Map: 2000 Atmospheres LE

Players

Strange

  • Race: Protoss Protoss

Bly - Winner!

  • Race: Zerg Zerg

Event: DreamHack SC2 Masters 2021 Fall

VOD

Have the link to the VOD?

Description

Time

  • Played on: July 28, 2021, 2:01 p.m.
  • Length: 18:29

All games in this series

Show
View Real Time Build Order
Export as new Build Order

Strange Protoss 

Build Orders: 1 Gate Expand 

Get SALT Encoding   

  12  0:00  Probe  
  13  0:12  Probe  
  14  0:19  Pylon  
  14  0:24  Probe (Chrono Boost)  
  15  0:37  Probe (Chrono Boost)  
  15  0:38  Gateway  
  16  0:46  Assimilator, Probe (Chrono Boost)  
  17  0:51  Probe  
  18  1:03  Probe  
  19  1:16  Probe  
  20  1:24  Nexus  
  20  1:32  Cybernetics Core  
  20  1:35  Probe  
  21  1:41  Assimilator  
  21  1:47  Probe  
  21  1:49  Pylon  
  22  1:59  Probe  
  23  2:05  Stalker (Chrono Boost)  
  25  2:09  Warp Gate  
  25  2:11  Probe  
  26  2:23  Twilight Council, Probe  
  27  2:30  Adept  
  27  2:35  Probe (Chrono Boost)  
  27  2:36  Probe (Chrono Boost)  
  32  2:45  Probe x2 (Chrono Boost)  
  32  2:50  Probe (Chrono Boost)  
  33  3:07  Resonating Glaives (Chrono Boost)  
  33  3:10  Gateway  
  33  3:12  Gateway  
  33  3:13  Adept  
  33  3:18  Probe x2  
  37  3:30  Probe x2  
  37  3:33  Pylon  
  39  3:40  Robotics Facility  
  39  3:42  Probe x2  
  39  3:43  Pylon  
  41  3:50  Shield Battery  
  41  3:54  Probe x2  
  43  4:08  Adept x3  
  49  4:13  Pylon  
  49  4:14  Probe x2  
  51  4:22  Assimilator  
  51  4:26  Assimilator, Probe x2  
  51  4:29  Adept x2  
  51  4:30  Adept  
  60  4:38  Probe x2  
  60  4:39  Observer (Chrono Boost)  
  60  4:43  Forge  
  62  4:47  Pylon  
  62  4:50  Probe x2  
  64  4:57  Immortal (Chrono Boost)  
  68  5:02  Probe  
  69  5:08  Sentry x3  
  75  5:16  Protoss Ground Weapons Level 1 (Chrono Boost)  
  75  5:28  Pylon  
  75  5:44  Gateway  
  75  5:46  Nexus, Gateway, Immortal (Chrono Boost)  
  75  5:48  Gateway  
  75  5:49  Pylon  
  79  5:53  Sentry  
  79  5:54  Sentry x2  
  85  6:05  Gateway  
  85  6:06  Gateway  
  85  6:10  Shield Battery  
  85  6:17  Pylon, Immortal (Chrono Boost)  
  85  6:22  Probe x2  
  91  6:34  Probe  
  91  6:35  Probe  
  91  6:46  Warp Prism (Chrono Boost)  
  89  6:49  Adept x6  
  98  7:09  Gateway, Probe x3  
  98  7:11  Gateway  
  98  7:14  Observer (Chrono Boost), Sentry x2  
  98  7:15  Sentry x2  
  110  7:21  Probe x3  
  109  7:32  Adept x2  
  109  7:33  Probe x2  
  112  7:40  Pylon  
  112  7:42  Pylon  
  112  7:54  Stalker x2  
  116  8:08  Protoss Ground Weapons Level 2 (Chrono Boost)  
  116  8:09  Adept x3  
  116  8:10  Adept x5  
  130  8:23  Blink (Chrono Boost), Stalker  
  132  8:30  Pylon  
  132  8:31  Pylon  
  132  8:32  Pylon  
  130  8:37  Observer  
  131  8:50  Probe  
  131  8:51  Probe x2  
  131  8:55  Assimilator  
  134  8:56  Assimilator, Photon Cannon  
  134  9:00  Shield Battery  
  134  9:02  Stalker, Probe  
  134  9:03  Stalker x4  
  134  9:06  Immortal (Chrono Boost)  
  142  9:16  Probe  
  142  9:19  Probe x2  
  138  9:28  Probe  
  138  9:31  Probe x2  
  141  9:34  Photon Cannon  
  141  9:35  Shield Battery  
  141  9:40  Pylon  
  141  9:41  Probe  
  141  9:42  Immortal (Chrono Boost)  
  141  9:43  Probe  
  141  9:44  Colossus (Chrono Boost)  
  147  9:56  Robotics Bay  
  147  9:57  Photon Cannon  
  147  10:11  Stalker x5  
  147  10:12  Stalker x4  
  165  10:28  Pylon  
  165  10:30  Pylon  
  165  10:39  Colossus  
  165  10:48  Stalker x5  
  151  10:58  Stalker x4  
  139  11:10  Stalker  
  118  11:17  Extended Thermal Lance (Chrono Boost)  
  118  11:18  Probe x3  
  114  11:25  Sentry x4  
  114  11:30  Probe (Chrono Boost)  
  114  11:32  Probe x2 (Chrono Boost)  
  119  11:34  Stalker  
  119  11:38  Colossus (Chrono Boost)  
  119  11:39  Observer  
  121  11:47  Probe x2 (Chrono Boost)  
  121  11:49  Probe (Chrono Boost)  
  121  11:53  Protoss Ground Weapons Level 3 (Chrono Boost)  
  129  11:54  Probe  
  129  12:08  Sentry  
  131  12:10  Sentry x5  
  131  12:13  Pylon  
  141  12:29  Colossus (Chrono Boost)  
  141  12:31  Pylon  
  147  12:39  Adept x2  
  147  12:51  Photon Cannon  
  147  12:54  Shield Battery  
  147  12:58  Observer  
  145  12:59  Stalker x4  
  145  13:00  Stalker  
  155  13:06  Shield Battery  
  155  13:11  Sentry x4  
  163  13:22  Nexus  
  163  13:26  Shield Battery  
  163  13:39  Probe x3  
  166  13:43  Stalker  
  168  13:50  Dark Shrine  
  168  13:51  Probe x3  
  148  14:03  Probe x3  
  148  14:07  Stalker  
  151  14:15  Probe x2  
  142  14:22  Stalker x3  
  138  14:36  Stalker x2  
  136  14:40  Probe x3  
  136  14:42  Probe  
  142  14:55  Probe x2 (Chrono Boost)  
  142  14:57  Probe (Chrono Boost)  
  143  15:02  Probe (Chrono Boost)  
  143  15:06  Pylon  
  145  15:08  Probe x2 (Chrono Boost)  
  144  15:22  Stalker x2  
  148  15:29  Sentry x5  
  157  15:36  Stalker  
  157  15:41  Dark Templar  
  154  16:02  Cybernetics Core  
  122  16:38  Stalker x7  
  104  17:05  Stalker  
  104  17:06  Stalker x3  
  95  17:14  Sentry x2  
Show
View Real Time Build Order
Export as new Build Order

Bly Zerg - Winner!

Build Orders: Hatch First 

Get SALT Encoding   

  12  0:00  Drone  
  13  0:13  Overlord  
  13  0:17  Drone  
  14  0:32  Drone x2  
  16  0:49  Hatchery  
  15  0:53  Drone  
  15  0:55  Drone  
  17  0:58  Drone  
  18  1:09  Extractor  
  17  1:14  Spawning Pool  
  17  1:16  Drone  
  17  1:20  Drone  
  18  1:29  Drone  
  19  1:46  Overlord  
  19  2:00  Queen  
  19  2:01  Queen  
  21  2:02  Zergling x6  
  26  2:12  Metabolic Boost, Drone x2  
  28  2:24  Drone x2  
  30  2:37  Hatchery  
  30  2:43  Drone x2  
  31  2:48  Queen  
  33  2:54  Overlord  
  33  2:56  Drone  
  32  3:07  Drone x4  
  35  3:13  Drone x3  
  35  3:18  Drone  
  39  3:22  Overlord  
  39  3:27  Queen  
  39  3:29  Drone  
  42  3:34  Drone  
  43  3:42  Drone  
  43  3:43  Drone x3  
  43  3:44  Drone x2  
  49  3:50  Roach Warren  
  49  3:55  Zergling x4  
  50  3:56  Zergling x4, Overlord  
  52  4:03  Overlord  
  52  4:20  Zergling x18  
  61  4:26  Overlord  
  61  4:34  Drone x6  
  61  4:36  Overlord  
  67  4:42  Overlord  
  67  4:44  Lair  
  67  4:49  Overlord  
  66  4:54  Zergling x10  
  66  4:55  Overlord  
  71  5:00  Drone x2  
  71  5:06  Drone x6  
  79  5:08  Extractor  
  79  5:09  Extractor  
  77  5:15  Roach x2  
  81  5:25  Overlord  
  77  5:38  Zergling x20  
  77  5:41  Ravager x2, Extractor  
  88  5:45  Queen x3  
  88  5:47  Zergling x12  
  88  5:49  Overseer  
  100  5:50  Hatchery  
  100  5:54  Extractor  
  98  6:00  Roach x3  
  98  6:01  Glial Reconstitution  
  98  6:03  Overlord  
  104  6:19  Zergling x4  
  104  6:21  Overlord  
  104  6:23  Overlord  
  104  6:24  Overlord  
  106  6:26  Overlord  
  106  6:30  Ravager x3  
  102  6:45  Drone x3  
  102  6:46  Overseer, Drone x13  
  111  7:01  Drone x5  
  112  7:04  Spire  
  112  7:05  Extractor  
  114  7:11  Overlord  
  114  7:17  Evolution Chamber  
  114  7:21  Overlord  
  112  7:29  Zergling x22  
  114  7:39  Roach x4  
  114  7:43  Baneling Nest  
  114  7:44  Spore Crawler x2  
  120  7:45  Spore Crawler  
  120  7:46  Spore Crawler  
  119  7:51  Roach x9  
  134  8:01  Roach x4  
  134  8:10  Zergling x28  
  147  8:14  Ravager  
  147  8:15  Ravager x5  
  150  8:25  Roach x4  
  154  8:27  Ravager x5  
  154  8:30  Baneling x11  
  155  8:34  Extractor x2  
  150  8:42  Baneling x4  
  150  8:43  Baneling x7  
  150  8:55  Centrifical Hooks  
  150  8:56  Zergling x8  
  154  9:05  Hatchery  
  149  9:20  Overlord x3  
  149  9:23  Hatchery  
  146  9:36  Overlord x2  
  146  9:37  Zerg Flyer Weapons Level 1  
  146  9:41  Zerg Melee Weapons Level 1  
  146  9:43  Baneling x9  
  146  9:56  Zergling x2  
  146  9:57  Zergling x34  
  161  10:17  Mutalisk  
  161  10:18  Mutalisk x6  
  176  10:29  Zergling x14  
  176  10:32  Baneling x7  
  176  10:35  Baneling x5  
  183  10:36  Baneling  
  183  10:37  Baneling x2  
  183  10:38  Baneling  
  183  10:41  Baneling x4  
  180  10:48  Baneling x11  
  161  10:58  Zergling x2  
  161  10:59  Zergling x20  
  155  11:07  Zergling x10  
  133  11:12  Zergling x6  
  126  11:19  Zergling x2  
  126  11:21  Baneling x2  
  126  11:22  Baneling x4  
  125  11:25  Baneling  
  125  11:26  Baneling x2  
  125  11:27  Baneling x8  
  125  11:28  Drone  
  125  11:29  Drone x2  
  127  11:44  Drone  
  127  11:45  Drone x7  
  135  11:47  Extractor  
  135  11:50  Mutalisk  
  135  11:52  Mutalisk  
  138  12:03  Mutalisk x4  
  138  12:06  Drone x5  
  151  12:09  Extractor  
  150  12:28  Mutalisk x4  
  158  12:35  Drone x4  
  158  12:36  Drone  
  162  12:38  Drone x3  
  165  12:48  Zergling x10  
  170  12:57  Mutalisk x5  
  178  13:09  Infestation Pit  
  178  13:12  Hatchery  
  176  13:24  Zerg Flyer Weapons Level 2, Hatchery  
  175  13:29  Zergling x22  
  183  13:37  Baneling x22  
  183  13:38  Overlord x3  
  183  13:39  Overlord  
  181  14:00  Mutalisk x5  
  191  14:03  Zergling x2  
  191  14:04  Zergling x16  
  196  14:17  Zergling x8  
  200  14:24  Baneling x18  
  194  14:40  Mutalisk x4  
  198  15:02  Spine Crawler x2  
  198  15:03  Spine Crawler  
  198  15:05  Extractor  
  194  15:07  Hive  
  194  15:08  Extractor  
  190  15:18  Spore Crawler  
  190  15:20  Spine Crawler  
  188  15:22  Spine Crawler  
  188  15:24  Mutalisk x6  
  194  15:36  Baneling x20  
  191  15:57  Zergling x18  
  173  16:12  Zergling x2  
  173  16:13  Zergling x56  
  194  16:19  Baneling x4  
  194  16:21  Baneling x8  
  194  16:22  Baneling x7  
  168  16:33  Baneling x9  
  168  16:36  Viper x2  
  151  16:53  Zergling x24  
  119  17:03  Zergling x6  
  106  17:18  Baneling x10  
  103  17:33  Mutalisk x3  
  100  17:38  Drone x3  
  93  17:51  Spore Crawler  

Tags
 
Add a new tag
Caveats
  • Supply blocks, unpowered buildings, or Contaminate may cause inaccurate times.
  • Supply counts are checked every 10 seconds.